 Dungeon Crawl Stone Soup version 0.19.5 (webtiles) character file.

244 epen the Insei (level 5, -1/47 HPs)
             Began as a Draconian Monk on July 29, 2017.
             Killed by nerve-wracking pain
             ... invoked by an orc priest
              (14 damage)
             ... on level 2 of the Dungeon.
             The game lasted 00:04:48 (4146 turns).

epen the Insei (Draconian Monk)                     Turns: 4146, Time: 00:04:48

Health: -1/47      AC:  9    Str: 13    XL:     5   Next: 83%
Magic:  5/5        EV: 14    Int: 10    God:
Gold:   165        SH:  0    Dex: 15    Spells: 0 memorised, 4 levels left

rFire  . . .     SeeInvis .       - Unarmed
rCold  . . .     Gourm    .     (armour unavailable)
rNeg   . . .     Faith    .     (no shield)
rPois  .         Spirit   .     c - +2 hat
rElec  .         Reflect  .     (no cloak)
rCorr  .         Harm     .     m - +1 pair of gloves
MR     .....                    (no boots)
Stlth  ++........               (no amulet)
                                (no ring)
                                (no ring)

@: no status effects
A: unfitting armour, cold-blooded, AC +5
a: no special abilities


You were on level 2 of the Dungeon.
You were very hungry.

You visited 1 branch of the dungeon, and saw 4 of its levels.

You collected 165 gold pieces.

Inventory:

Armour
 c - a +2 hat (worn)
 m - a +1 pair of gloves (worn)
Jewellery
 d - an uncursed ring of ice
Wands
 n - a wand of confusion (17/48)
Scrolls
 e - 2 scrolls of enchant armour
 g - a scroll of teleportation
 i - a scroll of identify
Potions
 b - a potion of cancellation {unknown}
 h - a potion of magic
 j - a potion of flight {unknown}
 k - a potion of lignification {unknown}
Comestibles
 a - 2 bread rations
 f - 2 meat rations
 l - a beef jerky


   Skills:
 + Level 4.4 Fighting
 + Level 3.6 Dodging
 - Level 1.7 Stealth
 * Level 5.3 Unarmed Combat


You had 4 spell levels left.
You didn't know any spells.

Dungeon Overview and Level Annotations

Branches:
Dungeon (4/15)
 Temple: D:4-7

Altars:
Ashenzari
Fedhas
Makhleb
Nemelex Xobeh
Sif Muna
Uskayaw
Vehumet
Zin

Annotations:
D:3 Grinder


Innate Abilities, Weirdness & Mutations

Your plain brown scales are hard. (AC +5)
You cannot fit into any form of body armour.
You are cold-blooded and may be slowed by cold attacks.


Message History

There is a stone staircase leading up here.
You see here a tomahawk.
The orc barely misses you. The orc priest closely misses you.
The orc closely misses you.
You climb upwards.
There is a stone staircase leading down here.
You hit the orc priest but do no damage.
The orc priest calls down the wrath of Beogh upon you.
Beogh smites you!
You closely miss the orc priest. The orc barely misses you.
You punch the orc priest! Your punch misses the orc priest.
The orc priest is heavily wounded.
The orc priest hits you with a hand axe.
* * * LOW HITPOINT WARNING * * *
The orc closely misses you.
You closely miss the orc priest.
The orc priest is heavily wounded.
The orc priest invokes the aid of Beogh against you.
Pain shoots through your body!
You die...

###.(...###########.# #.#
....#............##.# #.#
################.##.# #.#
...)...# #.##.# #.#
######.# #.##.# #.#
#.#########.##.# #.#
######...........##.# #.#
.........).########.# #.#
####..........oo@o..# #.#
#)#####.##############.##
#.# #.# #.............#
####'## #.#
#.############# ......#
#.# #.# ### ......#
#.###.###.# ......#
#.#..)....# ####'##
#.#.#.###.#
####'#####.#.#...#.#


You could see an orc priest and 2 orcs.

Vanquished Creatures
  4 orc wizards (D:4)
  A gnoll (D:1)
  5 adders
  An ooze (D:2)
  An adder skeleton (D:4)
  3 worms
  A dart slug (D:1)
  8 orcs (D:4)
  2 giant cockroaches (D:1)
  4 goblins
  5 hobgoblins
  4 jackals (D:1)
  6 bats
  4 frilled lizards (D:2)
  3 kobolds
  A leopard gecko skeleton (D:4)
  6 rats
59 creatures vanquished.

Notes
Turn   | Place    | Note
-------+----------+-------------------------------------------
     0 | D:1      | epen the Draconian Monk began the quest for the Orb.
     0 | D:1      | Reached XP level 1. HP: 19/19 MP: 1/1
   204 | D:1      | Reached XP level 2. HP: 14/26 MP: 2/2
   908 | D:1      | Reached XP level 3. HP: 30/31 MP: 3/3
  1559 | D:2      | Reached skill level 4 in Unarmed Combat
  2037 | D:3      | Reached XP level 4. HP: 34/40 MP: 4/4
  2276 | D:3      | Found a shattered altar of Ashenzari.
  2284 | D:3      | Noticed Grinder
  2331 | D:3      | Paralysed by Grinder for 2 turns
  2345 | D:3      | Paralysed by Grinder for 4 turns
  2614 | D:4      | Found a deep blue altar of Sif Muna.
  2617 | D:4      | Found a hide-covered altar of Uskayaw.
  2618 | D:4      | Found a glowing silver altar of Zin.
  2729 | D:4      | Reached XP level 5. HP: 5/46 MP: 5/5
  3124 | D:4      | Reached skill level 5 in Unarmed Combat
  3280 | D:4      | Found a burning altar of Makhleb.
  3281 | D:4      | Found a radiant altar of Vehumet.
  3283 | D:4      | Found a sparkling altar of Nemelex Xobeh.
  3285 | D:4      | Found a blossoming altar of Fedhas.
  3286 | D:4      | Found a shattered altar of Ashenzari.
  4146 | D:2      | Killed from afar by an orc priest

Skill      XL: |  1  2  3  4  5 |
---------------+----------------+-----
Dodging        | 3 |  3.6
Unarmed Combat | 4 5 |  5.3
Fighting       | 4 |  4.4
Stealth        | |  1.7

Action                   |  1- 3 |  4- 6 || total
-------------------------+-------+-------++-------
Melee: Unarmed           |   148 |   154 ||   302
       Tailslap          |    10 |    21 ||    31
       Punch             |     2 |     1 ||     3
  Use: Scroll            |       |     5 ||     5
       Potion            |       |     4 ||     4
 Stab: Sleeping          |     3 |     1 ||     4
       Distracted        |       |     1 ||     1
  Eat: Chunk             |     3 |     5 ||     8
       Pizza             |       |     1 ||     1
Armor: Skin              |    42 |    67 ||   109
Dodge: Dodged            |    89 |   105 ||   194
